 Dungeon Crawl Stone Soup version 0.25-a0-2-g6559c6c67a (webtiles) character file.

Game seed: 8722528312280301559, levelgen mode: deterministic

35 Gumption the Insei (level 3, -1/23 HPs)
             Began as an Octopode Transmuter on Oct 14, 2019.
             Slain by a hobgoblin (5 damage)
             ... led by Robin
             ... on level 2 of the Dungeon.
             The game lasted 00:09:42 (1314 turns).

Gumption the Insei (Octopode Transmuter)            Turns: 1314, Time: 00:09:43

Health: -1/23      AC:  1    Str:  9    XL:     3   Next: 33%
Magic:  5/6        EV: 19    Int: 16    God:
Gold:   47         SH:  0    Dex: 17    Spells: 3/6 levels left

rFire    . . .     SeeInvis .     - Unarmed
rCold    . . .     Gourm    .   (no shield)
rNeg     . . .     Faith    .   (helmet restricted)
rPois    .         Spirit   .   (no amulet)
rElec    .         Reflect  .   (no ring)
rCorr    .         Harm     .   (no ring)
MR       .....                  (no ring)
Stlth    ++++......             (no ring)
HPRegen  0.07/turn              (no ring)
MPRegen  0.10/turn              (no ring)
                                (no ring)
                                (no ring)

@: agile, appendage
A: almost no armour, stealthy swim, amphibious, 8 rings, constrict 8, tentacle
spike 3, camouflage 1, gelatinous body 1
a: End Transformation


You were on level 2 of the Dungeon.
You were not hungry.
One of your tentacles had a temporary spike.
You visited 1 branch of the dungeon, and saw 2 of its levels.

You collected 47 gold pieces.

Inventory:

Hand Weapons
 g - a +0 hunting sling
Missiles
 a - 45 arrows
 b - 70 stones (quivered)
Scrolls
 e - a scroll of identify {unknown}
 h - a scroll of teleportation {unknown}
Comestibles
 c - 5 rations
 f - 6 chunks of flesh


   Skills:
 + Level 1.4 Fighting
 * Level 2.6 Dodging
 + Level 3.2 Unarmed Combat
 - Level 2.0 Spellcasting
 * Level 2.6 Transmutations


You had 3 spell levels left.
You knew the following spells:

 Your Spells              Type           Power        Failure   Level  Hunger
a - Beastly Appendage     Tmut           ##....       7%          1    #......
b - Sticks to Snakes      Tmut           ##......     11%         2    ###....

Your spell library contained the following spells:

 Spells                   Type           Power        Failure   Level  Hunger
 Spider Form              Tmut/Pois      #.........   36%         3    ###....
 Ice Form                 Ice/Tmut       #.......     77%         4    #####..
 Blade Hands              Tmut           ##........   89%         5    ######.


Dungeon Overview and Level Annotations

Branches:
Dungeon (2/15)

Altars:

Annotations:
D:2 Robin


Innate Abilities, Weirdness & Mutations

You cannot wear most types of armour.
You are very stealthy in the water. (Stealth+)
You are amphibious.
You can wear up to eight rings at the same time.
You can use your tentacles to constrict eight enemies at once.
Your skin changes colour to match your surroundings (Stealth+).
Your rubbery body absorbs attacks. (AC +1, EV +1)
One of your tentacles bears a large vicious spike.


Message History

You barely miss the bat. Your grab misses the bat.
Your tentacle spike misses the bat.
Your squeeze misses the bat. You constrict the goblin.
The bat barely misses you. x2
The frilled lizard closely misses you. The goblin hits you with a +0 club.
You tentacle-slap the goblin but do no damage.
You squeeze the goblin.
You kill the goblin!
The bat hits you but does no damage. The frilled lizard bites you.
* * * LOW HITPOINT WARNING * * *
You barely miss the hobgoblin. You grab the hobgoblin.
You pierce the hobgoblin.
You squeeze the hobgoblin.
You kill the hobgoblin!
The bat hits you but does no damage. The frilled lizard bites you.
* * * LOW HITPOINT WARNING * * *
It was a potion of agility.
You feel agile all of a sudden. The bat barely misses you.
The bat closely misses you.
Robin says, "My goblins will feast on your bones."
The hobgoblin hits you.
You die...

........###......#####
.......)####.........#
......g.#............#
.......g.....†.......#
........#............#
.......(##g..#.......#
.......g.ggg.........#
.......(g#b###.......#
......).(#g@# #.......# ####
......##.(#l## #.......# #...
.......#....# #.....>.# #...
..#........#.####..#.#### #..[
...........#..##...#.######...
..#....##)<.........##.......
#.......##.............##...
#.
#....................####...
#. #..................#.# #...


You could see a hobgoblin, 6 goblins, a bat and a frilled lizard.

Vanquished Creatures
  A worm (D:2)
  A dart slug (D:1)
  A leopard gecko (D:1)
  A bat (D:1)
  A giant cockroach (D:1)
  6 goblins
  6 hobgoblins
  A quokka (D:2)
  2 ball pythons (D:1)
  2 kobolds
  4 rats (D:1)
26 creatures vanquished.

Notes
Turn   | Place    | Note
-------+----------+-------------------------------------------
     0 | D:1      | Gumption the Octopode Transmuter began the quest for the
                  | Orb.
     0 | D:1      | Reached XP level 1. HP: 13/13 MP: 3/3
   342 | D:1      | Reached XP level 2. HP: 13/18 MP: 3/5
   422 | D:1      | Learned a level 2 spell: Sticks to Snakes
  1110 | D:2      | Reached XP level 3. HP: 18/23 MP: 4/6
  1243 | D:2      | Identified the +5 helmet "Onuoj" {rC++ Dex-4}
  1243 | D:2      | Noticed Robin
  1314 | D:2      | Slain by a hobgoblin

Levels and vault maps discovered:
D:1:      onia_arrival_pyramid, layout_loops_ring
D:2:      layout_rooms, uniq_robin

Action                   || total
-------------------------++-------
Melee: Unarmed           ||    42
       Constrict         ||    15
       Kick              ||     9
       Tentacles         ||     7
Throw: Stone             ||    60
 Cast: Beastly Appendage ||    15
  Use: Potion            ||     1
 Stab: Sleeping          ||     1
  Eat: Chunk             ||     1
Armor: Skin              ||     8
Dodge: Dodged            ||    24

Table legend:
 A = Non-vault XP
 B = Vault XP
 C = Vault XP percentage of total XP
 D = Non-vault monster count
 E = Vault monster count
 F = Vault count percentage of total count
                 A         B        C        D         E       F
            +---------+---------+-------+---------+---------+-------
      Total |      46 |       4 |   8.0 |      24 |       2 |   7.7
            +---------+---------+-------+---------+---------+-------
        D:1 |      28 |       0 |   0.0 |      16 |       0 |   0.0
        D:2 |      18 |       4 |  18.2 |       8 |       2 |  20.0
            +---------+---------+-------+---------+---------+-------
